 Dungeon Crawl Stone Soup version 0.28.0-47-ge53b351184 (webtiles) character file.

Game seed: 9598998222400437011

569 issech the Shield-Bearer (level 7, -5/67 HPs)
             Began as a Troll Fighter on May 3, 2022.
             Shot with a bolt by something (15 damage)
             ... in a sewer.
             The game lasted 00:07:02 (2169 turns).

issech the Shield-Bearer (Troll Fighter)            Turns: 2169, Time: 00:07:03

Health: -5/67      AC:  0    Str: 25    XL:     7   Next: 11%
Magic:  6/6        EV:  8    Int:  4    God:
Gold:   65         SH:  7    Dex:  7    Spells: 6/6 levels left

rFire   + . .      SeeInvis .   r - +8 short sword "Fujol" {chaos, *Corrode Fly rPois Dex-4}
rCold   x . .      Faith    .   c - +0 kite shield
rNeg    . . .      Spirit   .   b - +0 robe
rPois   +          Reflect  .   (helmet restricted)
rElec   .          Harm     .   (no cloak)
rCorr   .          Rampage  .   (gloves unavailable)
Will    .....                   (boots unavailable)
Stlth   +.........              (no amulet)
HPRegen 1.01/turn               n - ring of fire
MPRegen 0.10/turn               (no ring)

@: corroded, flying
A: large, unfitting armour, claws 3, regeneration 1, shaggy fur 1, tough skin 1
a: no special abilities


You were in a sewer.
You visited 1 branch of the dungeon, and saw 3 of its levels.
You also visited: Sewer.

You collected 65 gold pieces.

Inventory:

Hand Weapons
 a - a +0 flail
 i - a +0 long sword
 l - a +0 dagger of venom
 r - the +8 short sword "Fujol" (weapon) {chaos, *Corrode Fly rPois Dex-4}
   (You found it on level 2 of the Dungeon)

   Each time it hits an enemy it has a different, random effect.
   Dex:       It affects your dexterity (-4).
   rPois:     It protects you from poison.
   Fly:       It grants you flight.
   *Corrode:  It may corrode you when you take damage.
 B - a +1 short sword of venom
Missiles
 f - 46 arrows
 g - 8 poisoned darts (quivered)
 j - 119 stones
 o - a throwing net
 u - 14 sling bullets
 y - 41 bolts
 A - a curare-tipped dart
Armour
 b - a +0 robe (worn)
 c - a +0 kite shield (worn)
Jewellery
 n - a ring of fire (left claw)
Wands
 v - a wand of paralysis (4)
 w - a wand of flame (10)
Scrolls
 e - a scroll of brand weapon {unknown}
 k - a scroll of torment {unknown}
 q - 2 scrolls of fog {unknown}
Potions
 d - a potion of might
 h - a potion of mutation {unknown}
 m - 2 potions of haste {unknown}
 p - 2 potions of attraction {unknown}
 s - a potion of lignification {unknown}
 t - a potion of heal wounds {unknown}
 x - a potion of curing {unknown}
 z - 2 potions of flight {unknown}


   Skills:
 + Level 3.5 Fighting
 + Level 2.3(2.9) Short Blades
 + Level 2.5(3.0) Long Blades
 + Level 2.0 Maces & Flails
 + Level 3.6 Dodging
 + Level 0.8 Stealth
 + Level 3.6 Shields


You had 6 spell levels left.
You didn't know any spells.
Your spell library contained the following spells:

 Spells                   Type           Power      Damage    Failure   Level
 Magic Dart               Conj           0%         1d3       80%         1
 Call Imp                 Summ           0%         N/A       90%         2
 Mephitic Cloud           Conj/Pois/Air  0%         N/A       99%         3
 Ozocubu's Armour         Ice            0%         N/A       99%         3
 Metabolic Englaciation   Hex/Ice        0%         N/A       100%        5
 Simulacrum               Ice/Necr       0%         N/A       100%        6


Dungeon Overview and Level Annotations

Branches:
Dungeon (3/15)              Sewer (1/1)

Altars:
Qazlal


Innate Abilities, Weirdness & Mutations

You are too large for most types of armour.
You have claws for hands.
Your natural rate of healing is unusually fast.
You are covered in fur. (AC +1)
You have tough skin. (AC +1)


Message History

The kobold brigand wields a +0 hand crossbow.
The kobold brigand shoots a bolt.
The bolt hits you!
The kobold brigand shoots a bolt.
The bolt completely misses you. The river rat barely misses you.
You hit the river rat. You burn the river rat.
The river rat is heavily wounded.
The river rat bites you!
You barely miss the river rat.
The river rat is heavily wounded.
The river rat bites you.
You hit the river rat.
The river rat is poisoned.
The river rat is almost dead.
You kill the river rat!
The kobold brigand shoots a bolt.
You block the bolt.
The kobold brigand unwields a +0 hand crossbow.
The kobold brigand wields a +0 club.
The kobold brigand hits you with a +0 club!
You closely miss the kobold brigand.
The kobold brigand hits you with a +0 club.
You barely miss the kobold brigand.
The kobold brigand hits you with a +0 club.
Your corrosive artefact corrodes you!
You puncture the kobold brigand!
The kobold brigand flickers and vanishes!
Deactivating autopickup; reactivate with Ctrl-A.
You hear a splashing noise.
You hit something. Something hits you!
Unknown command.
You miss something.
You hear a splashing noise.
You closely miss something. Something hits you!
You miss something. Something hits you! Something hits you.
* * * LOW HITPOINT WARNING * * *
You miss something. Something hits you.
* * * LOW HITPOINT WARNING * * *
You puncture something! Something hits you!
* * * LOW HITPOINT WARNING * * *
You hear a quiet thunk.
A bolt appears from out of thin air!
The bolt hits you!
You die...

.≈≈≈##≈.≈ ≈≈≈≈≈≈≈≈
#≈≈≈≈.≈. #≈≈..≈..
#≈≈≈≈≈≈. #≈≈≈..≈≈
####### ##≈≈.≈...
#.≈≈≈≈##### ##≈≈.≈≈.≈≈
#####≈@.≈≈####....##≈.≈
#.≈≈{≈###≈≈....≈.####≈.
####### #≈.≈.≈≈≈≈# ##≈≈
#.≈≈≈.###≈...≈.≈####.≈≈
#####†..≈.########..≈.≈
#.≈≈).##### #≈..≈≈#
####### #≈≈≈≈## #.≈≈##
#.≈≈#


There were no monsters in sight!

Vanquished Creatures
  Grinder (D:3)
  2 kobold brigands (Sewer)
  Ijyb (D:3)
  4 gnolls (D:2)
  7 adders
  2 river rats
  3 worms
  2 dart slugs
  An orc (D:3)
  4 bats
  8 endoplasms
  4 giant cockroaches
  9 goblins
  4 hobgoblins
  3 jackals (D:1)
  4 quokkas
  4 ball pythons
  5 frilled lizards
  8 kobolds
  12 rats
88 creatures vanquished.

Notes
Turn   | Place    | Note
-------+----------+-------------------------------------------
     0 | D:1      | issech the Troll Fighter began the quest for the Orb.
     0 | D:1      | Reached XP level 1. HP: 22/22 MP: 0/0
   196 | D:1      | Reached XP level 2. HP: 29/29 MP: 1/1
   579 | D:1      | Reached XP level 3. HP: 35/36 MP: 2/2
   640 | D:1      | Found a faded altar of an unknown god.
  1059 | D:2      | Identified the +8 short sword "Fujol" {chaos, *Corrode Fly
                  | rPois Dex-4}
  1079 | D:2      | Reached skill level 1 in Long Blades
  1079 | D:2      | Reached XP level 4. HP: 27/44 MP: 3/3
  1295 | D:2      | Reached XP level 5. HP: 53/53 MP: 4/4
  1657 | D:3      | Noticed Ijyb
  1666 | D:3      | Killed Ijyb
  1683 | D:3      | Noticed Grinder
  1689 | D:3      | Killed Grinder
  1690 | D:3      | Reached skill level 1 in Short Blades
  1690 | D:3      | Reached XP level 6. HP: 56/61 MP: 5/5
  1703 | D:3      | Found a stormy altar of Qazlal.
  1934 | D:3      | Found a glowing drain.
  1946 | Sewer    | Entered a sewer
  2020 | Sewer    | Reached XP level 7. HP: 67/67 MP: 6/6
  2169 | Sewer    | Shot with a bolt by something

Illustrated notes

Levels and vault maps discovered:
D:1:      lordsloth_arrival_two_stooges, layout_loops_ring,
          basic_ecumenical_altar, minmay_fountain_box, minmay_misc_feat_rows
D:2:      layout_loops_cross, kennysheep_cross_bottleneck
D:3:      layout_rooms, mainiacjoe_overflow_tiny_flanked,
          gup_sewer_entry_bubbles, serial_aquarium, aquarium_bridge_island_small
          [aquarium_subvault_small_open, aquarium_subvault_bridge,
          aquarium_subvault_bridge, aquarium_subvault_wall,
          aquarium_subvault_wall], aquarium_window_fake, aquarium_window_1,
          aquarium_window_corner, aquarium_window_corner, aquarium_view_4,
          aquarium_balcony_double_2, uniq_grinder, uniq_ijyb
Sewer:    sewer_co_tree

Skill      XL: |  1  2  3  4  5  6 |
---------------+-------------------+-----
Maces & Flails | 2 |  2.0
Long Blades    | 1 2 |  2.5
Dodging        | 3 |  3.6
Fighting       | 3 |  3.5
Shields        | 3 |  3.6
Short Blades   | 1 2 |  2.3
Stealth        | |  0.8

Action                   |  1- 3 |  4- 6 |  7- 9 || total
-------------------------+-------+-------+-------++-------
Melee: Flail             |    24 |       |       ||    24
       Long sword        |   102 |       |       ||   102
       Short sword       |     8 |    98 |    24 ||   130
 Stab: Paralysed         |       |     1 |       ||     1
Armor: Robe              |    66 |    18 |     2 ||    86
Dodge: Dodged            |    63 |    28 |     5 ||    96
Block: Kite shield       |    65 |    40 |     3 ||   108
